 Dungeon Crawl Stone Soup version 0.14-a0-3350-g14ab857 (webtiles) character file.

370 Econoterrorist the Covert (level 6, -2/28 HPs)
             Began as a Spriggan Enchanter on Mar 18, 2014.
             Was an Initiate of Dithmenos.
             Slain by ciphuk's ghost (9 damage)
             ... on Level 4 of the Dungeon.
             The game lasted 00:15:10 (4300 turns).

Econoterrorist the Covert (Spriggan Enchanter)      Turns: 4300, Time: 00:15:11

HP  -2/28        AC  3     Str  6      XL: 6   Next:  5%
MP   3/21        EV 18     Int 17      God: Dithmenos [......]
Gold 90          SH  0     Dex 16      Spells:  2 memorised, 10 levels left

rFire  . . .     SeeInvis +     s - +0 cutlass
rCold  . . .     Clarity  .     b - +1 robe
rNeg   . . .     Conserve .     (shield restricted)
rPois  .         rCorr    .     (helmet restricted)
rElec  .         rRot     .     (no cloak)
SustAb + .       Spirit   .     (gloves unavailable)
rMut   .         Warding  .     (boots unavailable)
Saprov . . .     Stasis   .     (no amulet)
MR     +....                    (no ring)
                                u - ring of sustain abilities {unknown}

@: very quick, somewhat resistant to hostile enchantments, very stealthy
A: unfitting armour, see invisible, herbivore 3, speed 3, slow metabolism 2
a: Renounce Religion


You were on level 4 of the Dungeon.
You worshipped Dithmenos.
Dithmenos was noncommittal.
You were not hungry.

You visited 1 branch of the dungeon, and saw 4 of its levels.

You collected 90 gold pieces.

Inventory:

Hand weapons
 a - a +1,+1 dagger
 j - a +0,+0 short sword
 s - a +0,+0 cutlass (weapon)
Missiles
 d - 12 darts (quivered)
Armour
 b - a +1 robe (worn)
Comestibles
 i - 2 bread rations
 q - 10 strawberries
Scrolls
 f - a scroll of remove curse {unknown}
 k - 2 scrolls of amnesia
 l - a scroll of fog {unknown}
 m - a scroll of enchant weapon II {unknown}
 n - 2 scrolls of blinking {unknown}
 o - a scroll of enchant weapon I {unknown}
 p - a scroll of recharging {unknown}
 r - a scroll of immolation {unknown}
 v - a scroll of identify {unknown}
Jewellery
 u - a ring of sustain abilities (left hand) {unknown}
Potions
 e - a potion of confusion {unknown}
 g - a potion of curing {unknown}
 h - 2 potions of restore abilities {unknown}
 t - a potion of brilliance {unknown}
Books
 c - a book of Maledictions

   Spells                             Type                      Level
   Corona                             Hexes                        1
   Sure Blade                         Hexes/Charms                 2
   *Ensorcelled Hibernation           Hexes/Ice                    2
   *Confuse                           Hexes                        3
   Enslavement                        Hexes                        4
   Invisibility                       Hexes                        6


   Skills:
 - Level 1.1 Short Blades
 - Level 1.1 Throwing
 - Level 3.0 Dodging
 - Level 8.0 Stealth
 + Level 5.2 Spellcasting
 - Level 3.6 Hexes


You had 10 spell levels left.
You knew the following spells:

 Your Spells              Type           Power        Failure   Level  Hunger
b - Ensorcelled Hibernat  Hex/Ice        ##....       12%         2    #......
c - Confuse               Hex            ###.....     12%         3    ###....


Dungeon Overview and Level Annotations

Branches:
Dungeon (4/15)
 Temple: D:4-7

Altars:
Cheibriados
Dithmenos
Elyvilon
Makhleb
Nemelex Xobeh
Vehumet
Xom
Zin

Annotations:
D:4 ciphuk's ghost, average MfIE


Innate Abilities, Weirdness & Mutations

You are tiny and cannot use many weapons and most armour.
You have supernaturally acute eyesight.
You are a herbivore.
You cover ground extremely quickly.
You need consume almost no food.


Message History

One of your 2 purple potions freezes and shatters!
Casting: Confuse
Confirm with . or Enter, or press ? or * to list all spells.
Aiming: Confuse
Press: ? - help, Shift-Dir - straight line, f/p - ciphuk's ghost
Aim: ciphuk's ghost (heavily damaged) Ciphuk's ghost appears confused.
You catch the helpless ciphuk's ghost completely off-guard!
You puncture ciphuk's ghost!
Ciphuk's ghost is almost destroyed.
You hit ciphuk's ghost but do no damage.
Ciphuk's ghost is almost destroyed.
Ciphuk's ghost hits you.
* * * LOW HITPOINT WARNING * * *
You closely miss ciphuk's ghost.
Ciphuk's ghost is almost destroyed.
Ciphuk's ghost seems less confused.
Ciphuk's ghost casts a spell at you.
You are frozen.
You die...

### .. #.
#.#########
#.......p.#
#.).....@.#####
#.........?..>####
#..?.............#
#......#.<.....#.#
#####..##..#...#
..............#
.##....#.<....#
.............#
.#..#...........


You could see ciphuk's ghost.

Vanquished Creatures
  A crimson imp (D:3)
  A worker ant (D:3)
  Ijyb (D:2)
  Jessica (D:2)
  4 gnolls (D:2)
  8 adders
  A worm (D:3)
  A giant gecko (D:3)
  5 orcs
  4 giant cockroaches
  10 goblins
  5 hobgoblins
  4 jackals (D:2)
  12 kobolds
  A quokka (D:2)
  A ball python (D:2)
  11 bats
  5 giant newts
  7 rats
83 creatures vanquished.

Notes
Turn   | Place    | Note
--------------------------------------------------------------
     0 | D:1      | Econoterrorist, the Spriggan Enchanter, began the quest for the Orb.
     0 | D:1      | Reached XP level 1. HP: 9/9 MP: 4/4
   109 | D:1      | Reached skill level 4 in Stealth
   148 | D:1      | Reached XP level 2. HP: 8/13 MP: 7/7
   790 | D:1      | Learned a level 2 spell: Ensorcelled Hibernation
   823 | D:1      | Reached skill level 5 in Stealth
  1522 | D:2      | Reached XP level 3. HP: 16/16 MP: 9/9
  1527 | D:2      | Learned a level 3 spell: Confuse
  1533 | D:2      | Found a radiant altar of Vehumet.
  1569 | D:2      | Noticed Jessica
  1577 | D:2      | Killed Jessica
  1577 | D:2      | Reached skill level 6 in Stealth
  1774 | D:2      | Noticed Ijyb
  2183 | D:2      | Killed Ijyb
  2183 | D:2      | Reached skill level 7 in Stealth
  2183 | D:2      | Reached XP level 4. HP: 5/21 MP: 1/12
  2563 | D:2      | Reached skill level 8 in Stealth
  2683 | D:2      | Found a snail-covered altar of Cheibriados.
  2687 | D:2      | Found a sparkling altar of Nemelex Xobeh.
  2687 | D:2      | Found a white marble altar of Elyvilon.
  2921 | D:2      | Reached XP level 5. HP: 24/24 MP: 0/16
  3389 | D:3      | Found a burning altar of Makhleb.
  3389 | D:3      | Found a shimmering altar of Xom.
  3452 | D:3      | Found a shadowy altar of Dithmenos.
  3456 | D:3      | Became a worshipper of Dithmenos
  3937 | D:3      | Reached skill level 5 in Spellcasting
  4016 | D:3      | Reached XP level 6. HP: 23/28 MP: 16/21
  4084 | D:3      | Found a glowing silver altar of Zin.
  4268 | D:4      | Noticed ciphuk's ghost (average MfIE)
  4300 | D:4      | Slain by ciphuk's ghost

Action                   |  1- 3 |  4- 6 || total
-------------------------+-------+-------++-------
Melee: Dagger            |   179 |    25 ||   204
       Cutlass           |       |    56 ||    56
 Cast: Ensorcelled Hiber |    11 |    36 ||    47
       Confuse           |     1 |     8 ||     9
  Use: Potion            |       |     1 ||     1
       Scroll            |       |     1 ||     1
 Stab: Sleeping          |    11 |    25 ||    36
       Confused          |     1 |     2 ||     3
